 Dungeon Crawl Stone Soup version 0.28.0-53-g5a82cb258f (webtiles) character file.

Game seed: 8131183849545118147

99 Atelerd the Digger (level 4, 0/27 HPs)
             Began as an Octopode Earth Elementalist on June 6, 2022.
             Killed by nerve-wracking pain
             ... invoked by an orc priest
              (8 damage)
             ... on level 3 of the Dungeon.
             The game lasted 00:02:34 (2893 turns).

Atelerd the Digger (Octopode Earth Elementalist)    Turns: 2893, Time: 00:02:35

Health: 0/27       AC:  1    Str:  7    XL:     4   Next: 72%
Magic:  8/8        EV: 13    Int: 19    God:
Gold:   104        SH:  0    Dex: 12    Spells: 8/9 levels left

rFire   . . .      SeeInvis .   a - +0 hand axe (vorpal)
rCold   . . .      Faith    .   (no shield)
rNeg    . . .      Spirit   .   (helmet restricted)
rPois   .          Reflect  .   (no amulet)
rElec   .          Harm     .   (no ring)
rCorr   .          Rampage  .   (no ring)
Will    .....                   (no ring)
Stlth   ++........              (no ring)
HPRegen 0.09/turn               (no ring)
MPRegen 0.11/turn               (no ring)
                                (no ring)
                                (no ring)

@: confused, ambrosia-drunk
A: almost no armour, amphibious, 8 rings, camouflage 1, gelatinous body 1,
(nimble swimmer 1), tentacles
a: no special abilities


You were on level 3 of the Dungeon.
You visited 1 branch of the dungeon, and saw 3 of its levels.

You collected 104 gold pieces.

Inventory:

Hand Weapons
 a - a +0 vorpal hand axe (weapon)
Missiles
 b - 88 stones
 f - 5 boomerangs of dispersal
Jewellery
 j - a ring of flight
Scrolls
 c - a scroll of identify {unknown}
 d - a scroll of enchant armour {unknown}
 h - a scroll of blinking {unknown}
 i - a scroll of amnesia {unknown}
Potions
 g - a potion of flight {unknown}


   Skills:
 - Level 2.0 Dodging
 + Level 2.7 Stealth
 + Level 3.0 Spellcasting
 + Level 2.5 Transmutations
 + Level 3.9 Earth Magic


You had 8 spell levels left.
You knew the following spells:

 Your Spells              Type           Power      Damage    Failure   Level
a - Sandblast             Erth           34%        2d9       3%          1

Your spell library contained the following spells:

 Spells                   Type           Power      Damage    Failure   Level
 Passwall                 Tmut/Erth      12%        N/A       6%          2
 Stone Arrow              Conj/Erth      20%        3d8       21%         3
 Sublimation of Blood     Necr           2%         N/A       22%         2
 Ignite Poison            Fire/Tmut/Pois 6%         N/A       32%         3
 Petrify                  Tmut/Erth      15%        N/A       38%         4
 Conjure Flame            Conj/Fire      2%         6-21      41%         3
 Sticky Flame             Conj/Fire      2%         2d3       83%         4
 Irradiate                Conj/Tmut      3%         3d15      94%         5
 Summon Mana Viper        Hex/Summ       2%         N/A       99%         5
 Enfeeble                 Hex            1%         N/A       100%        7
 Discord                  Hex            1%         N/A       100%        8


Dungeon Overview and Level Annotations

Branches:
Dungeon (3/15)

Altars:
Ashenzari


Innate Abilities, Weirdness & Mutations

You cannot wear most types of armour.
You are amphibious.
You can wear up to eight rings at the same time.
Your skin changes colour to match your surroundings (Stealth+).
Your rubbery body absorbs attacks. (AC +1, EV +1)
((You are camouflaged when in or above water. (Stealth+)))
You have tentacles for arms and can constrict up to eight enemies at once.


Message History

You kill the quokka!
No target in view!
You now have 104 gold pieces (gained 17).
You see here a quokka corpse.
Key pressed, stopping explore.
No target in view!
A rat comes into view.
A rat is nearby!
A rat is nearby!
The helpless rat fails to defend itself.
You hit the rat.
You kill the rat!
Found a shiny ring mail.
No target in view!
An orc priest comes into view. It is wielding a +0 morningstar.
Found a stone staircase leading down.
The orc priest mumbles some strange prayers to Beogh against you.
Beogh smites you!
Ouch! That really hurt!
You are too injured to fight recklessly!
An orc priest is nearby!
You are too injured to fight recklessly!
An orc priest is nearby!
You are too injured to fight recklessly!
An orc priest is nearby!
You are too injured to fight recklessly!
An orc comes into view. It is wielding a +0 mace.
The orc priest looks braver for a moment.
Casting: Sandblast (safe; 3% risk of failure)
Confirm with . or Enter, or press ? or * to list all spells.
You can't see any susceptible monsters within range! (Use Z to cast anyway.)
The orc priest invokes the aid of Beogh against you.
Pain shoots through your body!
* * * LOW HITPOINT WARNING * * *
It was a potion of ambrosia.
You are confused.
You feel invigorated.
The orc priest invokes the aid of Beogh against you.
Pain shoots through your body!
You die...

#..#####.#.###....
.................. >
#..#####...###.#.# #.#
#..# ##..###.#.# ....
#..######......#.##[...#
†......................+
##########..####.##....#
# ##.# #.# ...# # #.#
#@# ..# # #.. #.# .# #
##+ ..# # .#$# ..#o# ..
#.# ... #o# ... #.#


You could see an orc priest and an orc.

Vanquished Creatures
  A hound (D:3)
  An adder (D:2)
  2 worms (D:2)
  2 dart slugs (D:2)
  4 ball pythons
  3 bats
  9 endoplasms
  3 giant cockroaches
  3 goblins
  4 hobgoblins
  6 kobolds
  3 quokkas
  4 frilled lizards
  5 rats
50 creatures vanquished.

Notes
Turn   | Place    | Note
-------+----------+-------------------------------------------
     0 | D:1      | Atelerd the Octopode Earth Elementalist began the quest for
                  | the Orb.
     0 | D:1      | Reached XP level 1. HP: 11/11 MP: 3/3
    76 | D:1      | Found a faded altar of an unknown god.
    81 | D:1      | Reached XP level 2. HP: 17/17 MP: 5/5
  1066 | D:2      | Reached XP level 3. HP: 6/21 MP: 1/6
  1942 | D:2      | Found a broken altar of Ashenzari.
  1967 | D:2      | Reached XP level 4. HP: 27/27 MP: 5/8
  2050 | D:2      | Got the Papyrus of the Oath
  2893 | D:3      | Killed from afar by an orc priest

Illustrated notes

Levels and vault maps discovered:
D:1:      lightli_arrival_maybe_door_vault, layout_rooms,
          ebering_ecumenical_altar_sacrificial
D:2:      layout_rooms, basic_altar
D:3:      layout_basic

Skill      XL: |  1  2  3  4 |
---------------+-------------+-----
Transmutations | 2 |  2.5
Spellcasting   | 3 |  3.0
Dodging        | |  2.0
Stealth        | |  2.7
Earth Magic    | |  3.9

Action                   |  1- 3 |  4- 6 || total
-------------------------+-------+-------++-------
Melee: Hand axe          |    51 |    16 ||    67
       Constrict         |    11 |     5 ||    16
       Punch             |     2 |       ||     2
       Tentacles         |     7 |     6 ||    13
 Cast: Sandblast         |    22 |     4 ||    26
  Use: Potion            |       |     1 ||     1
 Stab: Sleeping          |     6 |     5 ||    11
Armor: Skin              |       |     1 ||     1
Dodge: Dodged            |    37 |    12 ||    49
